Map: Blackburn LE

Players

SpeCial

  • Race: Terran Terran

Kelazhur - Winner!

  • Race: Terran Terran

Event: DreamHack SC2 Masters 2021 Winter

VOD

Have the link to the VOD?

Description

Time

  • Played on: Oct. 2, 2021, 4:30 p.m.
  • Length: 9:52

All games in this series

Show
View Real Time Build Order
Export as new Build Order

SpeCial Terran 

Build Orders: Liberator Opening 

Get SALT Encoding   

  12  0:00  SCV  
  13  0:12  SCV  
  14  0:17  Supply Depot  
  14  0:24  SCV  
  15  0:38  SCV  
  15  0:40  Barracks  
  16  0:43  Refinery  
  16  0:50  SCV  
  16  0:53  Refinery  
  17  1:03  SCV  
  18  1:15  SCV  
  19  1:27  Reaper, Orbital Command  
  19  1:29  Supply Depot  
  20  1:45  Factory  
  20  1:54  SCV  
  21  2:00  Reaper  
  22  2:06  SCV  
  23  2:18  SCV  
  24  2:27  Command Center  
  26  2:30  Hellion  
  26  2:33  SCV  
  27  2:41  Starport  
  27  2:45  SCV  
  27  2:48  Barracks Reactor  
  27  2:51  Supply Depot  
  28  2:56  Widow Mine  
  30  2:59  SCV  
  31  3:13  SCV  
  31  3:17  Liberator  
  31  3:18  Refinery  
  31  3:19  Factory Tech Lab  
  35  3:24  Marine x2  
  35  3:26  SCV  
  38  3:38  SCV  
  38  3:39  Siege Tank  
  42  3:42  Orbital Command  
  42  3:46  Marine  
  42  3:47  Marine  
  44  3:52  SCV  
  45  4:00  Medivac  
  47  4:05  SCV, Marine x2  
  47  4:08  SCV  
  51  4:10  Supply Depot  
  51  4:18  Siege Tank  
  54  4:32  SCV x2, Marine x2  
  54  4:34  Starport Tech Lab  
  58  4:44  SCV x2  
  60  4:46  Supply Depot  
  60  4:49  Marine x2  
  62  4:57  Supply Depot  
  62  5:07  Raven  
  62  5:08  SCV x2, Siege Tank  
  62  5:12  Marine  
  70  5:19  Marine  
  70  5:20  SCV x2  
  73  5:29  Command Center  
  73  5:32  SCV x2  
  73  5:34  Marine  
  76  5:36  Marine  
  77  5:43  Supply Depot  
  77  5:44  SCV  
  78  6:03  SCV  
  78  6:04  SCV, Raven  
  78  6:05  Siege Tank, Marine x2  
  81  6:15  SCV  
  81  6:16  SCV  
  79  6:23  Marine x2  
  79  6:25  Supply Depot, Refinery  
  81  6:28  SCV  
  81  6:29  SCV  
  80  6:37  Siege Tank  
  83  6:40  SCV, Marine  
  83  6:41  SCV, Marine  
  83  6:42  Orbital Command  
  86  6:48  Barracks  
  86  6:49  Barracks  
  86  6:52  SCV  
  86  6:53  SCV  
  85  7:03  Orbital Command  
  85  7:04  SCV  
  85  7:05  SCV  
  87  7:09  Siege Tank  
  87  7:10  Engineering Bay x2  
  87  7:14  Stimpack, Marine  
  87  7:15  Viking x2  
  95  7:16  Supply Depot, SCV  
  95  7:17  SCV  
  97  7:28  SCV  
  97  7:29  SCV x2  
  100  7:31  Marine  
  101  7:40  Barracks Reactor x2, SCV  
  101  7:41  SCV  
  101  7:42  SCV  
  104  7:45  Viking x2  
  106  7:52  SCV  
  106  7:53  SCV  
  106  7:54  SCV  
  106  7:55  Terran Infantry Weapons Level 1, Terran Infantry Armor Level 1  
  109  8:03  Refinery  
  109  8:04  SCV, Marine  
  109  8:05  Refinery  
  111  8:07  Siege Tank  
  111  8:08  SCV x2  
  116  8:16  SCV  
  117  8:24  SCV  
  115  8:34  Marine x3  
  114  8:39  SCV, Marine  
  114  8:40  Marine  
  117  8:49  Supply Depot, Sensor Tower  
  117  8:50  Supply Depot  
  117  8:55  Barracks x2  
  117  8:56  Siege Tank, Marine x2  
  117  9:02  Marine x2  
  115  9:04  Marine  
  115  9:09  Supply Depot  
  91  9:14  Viking x2, Marine x2  
  97  9:19  Missile Turret  
  97  9:20  SCV, Marine x2  
  97  9:21  Missile Turret, SCV  
  97  9:22  Marine, Armory  
  102  9:26  Armory  
  102  9:28  Supply Depot  
  102  9:29  Command Center  
  105  9:32  Marine x2  
  105  9:35  SCV x2  
Show
View Real Time Build Order
Export as new Build Order

Kelazhur Terran - Winner!

Build Orders: Reaper Expand 

Get SALT Encoding   

  12  0:00  SCV  
  13  0:12  SCV  
  14  0:17  Supply Depot  
  14  0:24  SCV  
  15  0:38  SCV  
  15  0:39  Barracks  
  16  0:43  Refinery  
  16  0:51  SCV  
  17  1:03  SCV  
  18  1:15  SCV  
  19  1:26  Reaper  
  19  1:27  Orbital Command  
  20  1:40  Command Center  
  20  1:50  Supply Depot  
  20  1:52  SCV  
  21  1:56  Refinery  
  21  1:59  Reaper  
  22  2:05  SCV  
  23  2:17  SCV  
  23  2:20  Factory  
  24  2:29  SCV  
  25  2:31  Barracks Reactor  
  25  2:41  SCV  
  26  2:49  Command Center  
  26  2:54  Orbital Command  
  26  2:58  SCV  
  27  3:03  Factory Tech Lab  
  27  3:07  Marine x2  
  27  3:10  SCV  
  27  3:12  Orbital Command  
  30  3:22  Cyclone  
  30  3:26  Starport  
  33  3:28  SCV  
  33  3:32  Marine x2  
  36  3:38  SCV  
  36  3:41  SCV, Bunker  
  38  3:50  SCV, Marine x2  
  38  3:53  SCV  
  42  4:00  Refinery  
  42  4:01  Siege Tank  
  45  4:05  Starport Tech Lab  
  45  4:07  SCV  
  45  4:08  SCV  
  47  4:14  Marine, Orbital Command  
  47  4:15  Marine  
  49  4:19  SCV  
  49  4:20  SCV  
  51  4:29  Raven  
  54  4:31  SCV  
  54  4:32  SCV  
  54  4:33  Supply Depot  
  54  4:34  Marine  
  56  4:42  Siege Tank  
  56  4:43  SCV  
  56  4:44  SCV  
  61  4:48  Supply Depot  
  61  4:51  Refinery  
  61  4:54  Marine x2  
  61  4:55  SCV  
  61  4:58  SCV  
  64  5:01  Supply Depot, SCV  
  64  5:07  SCV  
  64  5:10  SCV  
  64  5:13  SCV  
  67  5:14  Siege Tank  
  67  5:19  SCV  
  71  5:22  SCV  
  71  5:25  SCV  
  71  5:27  Starport Reactor  
  73  5:31  SCV, Barracks  
  73  5:33  Barracks  
  73  5:34  SCV  
  75  5:37  Supply Depot  
  75  5:38  Marine  
  75  5:39  Stimpack  
  75  5:40  SCV  
  77  5:46  SCV, Siege Tank  
  77  5:48  SCV  
  81  5:52  SCV  
  75  6:05  SCV  
  75  6:09  SCV, Marine  
  71  6:15  Viking x2  
  75  6:19  Barracks Reactor  
  75  6:20  Barracks Reactor  
  75  6:22  SCV  
  75  6:27  SCV, Marine  
  76  6:37  SCV  
  76  6:46  SCV, Barracks  
  75  6:47  Barracks  
  75  6:49  SCV  
  75  6:50  Marine  
  75  6:52  Medivac  
  75  6:53  Refinery  
  77  6:54  Medivac  
  77  6:58  SCV, Marine x4  
  84  7:01  SCV  
  84  7:07  Orbital Command  
  85  7:12  Marine  
  85  7:18  Supply Depot x2  
  85  7:19  SCV x2, Engineering Bay x2, Marine  
  85  7:21  Marine x3  
  91  7:22  Combat Shield  
  91  7:26  Medivac  
  93  7:34  SCV  
  93  7:36  Supply Depot, Barracks Reactor x2  
  93  7:39  Medivac, Siege Tank, SCV, Marine x2  
  93  7:40  SCV  
  93  7:41  Supply Depot  
  93  7:43  Refinery  
  102  7:45  Refinery  
  102  7:46  SCV  
  102  7:48  Marine x3  
  106  7:51  SCV  
  106  7:52  SCV  
  106  7:57  Marine x2  
  110  7:58  SCV  
  110  8:03  SCV  
  110  8:04  SCV  
  110  8:05  Supply Depot  
  113  8:06  Supply Depot, Marine x2  
  113  8:10  Sensor Tower  
  112  8:13  Marine x3  
  112  8:17  Siege Tank  
  118  8:21  Marine  
  118  8:22  Marine  
  118  8:31  Medivac, Marine x7  
  118  8:32  Medivac  
  125  8:39  Marine  
  120  8:42  Marine  
  119  8:48  Marine  
  119  8:49  Siege Tank, Marine x6  
  126  8:57  Marine  
  120  9:05  Marine  
  120  9:06  Marine x4  
  120  9:07  SCV x3, Marine x3  
  109  9:15  Marine  
  110  9:19  SCV x2  
  110  9:23  SCV, Armory  
  116  9:31  SCV x2, Sensor Tower  

Tags
 
Add a new tag
Caveats
  • Supply blocks, unpowered buildings, or Contaminate may cause inaccurate times.
  • Supply counts are checked every 10 seconds.